[ PARTIDA AOE2 · #495544938 ]
UnrankedPolacos vs Burgundians
Equipo del jugador · VICT
Equipo rival · DERR
[ ANÁLISIS DE REPETICIÓN · EXTRAÍDO DE LA PARTIDA GRABADA ]
Feudal
8:31
Castillos
—
Imperial
—
| APM promedio | 53.0 |
| APM pico | 80 |
| eAPM promedio | 21.9 |
| Aldeanos / militares | 28 / 0 |
Foco
⚔️ 37.7% · 🌾 62.3%
Feudal
—
Castillos
—
Imperial
—
| APM promedio | 42.6 |
| APM pico | 71 |
| eAPM promedio | 17.5 |
| Aldeanos / militares | 32 / 0 |
Foco
⚔️ 40.0% · 🌾 60.0%
Mapa de la partida
Recursos iniciales + cada clic de construcción. Líneas = muros · curvas = relieve. ◆ oro · ⬟ piedra · ● bayas · ✦ reliquia · ◌ hueco del cierre
Tu base
Base de Halzum
Terreno inicial suavizado · ◌ = hueco del cierre detectado · pasá el cursor para detalles
Inputs por minuto
— DL | Lich - - Halzum
Build order — DL | Lich
50 acciones detectadas en el replay
| 0:02 | Crear | Villager (Male) |
| 0:04 | Construir | House |
| 0:06 | Construir | House |
| 0:16 | Crear | Villager (Male) |
| 0:31 | Crear | Villager (Male) |
| 0:31 | Crear | Villager (Male) |
| 1:39 | Crear | Villager (Male) |
| 1:45 | Construir | Lumber Camp |
| 2:11 | Crear | Villager (Male) |
| 2:11 | Crear | Villager (Male) |
| 2:35 | Crear | Villager (Male) |
| 2:35 | Crear | Villager (Male) |
| 2:46 | Crear | Villager (Male) |
| 2:46 | Crear | Villager (Male) |
| 3:02 | Crear | Villager (Male) |
| 3:02 | Crear | Villager (Male) |
| 3:48 | Crear | Villager (Male) |
| 3:57 | Crear | Villager (Male) |
| 3:59 | Construir | Mill |
| 4:37 | Crear | Villager (Male) |
| 4:56 | Crear | Villager (Male) |
| 4:58 | Crear | Villager (Male) |
| 4:59 | Investigar | Loom |
| 6:17 | Investigar | Feudal Age |
| 6:17 | Investigar | Feudal Age |
| 6:39 | Construir | House |
| 6:40 | Construir | House |
| 6:51 | Construir | Mining Camp |
| 7:54 | Crear | Villager (Male) |
| 7:55 | Crear | Villager (Male) |
| 8:31 | Edad | Edad Feudal |
| 8:32 | Construir | Watch Tower |
| 8:34 | Investigar | Double-Bit Axe |
| 8:34 | Investigar | Horse Collar |
| 8:34 | Investigar | Horse Collar |
| 8:44 | Construir | Farm |
| 8:59 | Crear | Villager (Male) |
| 9:00 | Crear | Villager (Male) |
| 9:12 | Construir | Farm |
| 9:20 | Crear | Villager (Male) |
| 9:34 | Construir | Farm |
| 9:38 | Crear | Villager (Male) |
| 9:48 | Investigar | Town Watch |
| 9:48 | Investigar | Town Watch |
| 10:04 | Crear | Villager (Male) |
| 10:22 | Construir | Farm |
| 10:24 | Construir | Farm |
| 10:33 | Crear | Villager (Male) |
| 11:09 | Crear | Villager (Male) |
| 11:16 | Crear | Villager (Male) |
Build order — Halzum
50 acciones detectadas en el replay
| 0:00 | Crear | Villager (Male) |
| 0:01 | Crear | Villager (Male) |
| 0:02 | Construir | House |
| 0:03 | Construir | House |
| 0:10 | Crear | Villager (Male) |
| 0:10 | Crear | Villager (Male) |
| 0:10 | Crear | Villager (Male) |
| 1:35 | Crear | Villager (Male) |
| 1:35 | Crear | Villager (Male) |
| 1:58 | Crear | Villager (Male) |
| 1:58 | Crear | Villager (Male) |
| 2:08 | Construir | Lumber Camp |
| 2:24 | Crear | Villager (Male) |
| 2:24 | Crear | Villager (Male) |
| 2:24 | Crear | Villager (Male) |
| 2:57 | Investigar | Double-Bit Axe |
| 2:57 | Investigar | Double-Bit Axe |
| 3:22 | Crear | Villager (Male) |
| 3:23 | Crear | Villager (Male) |
| 3:41 | Crear | Villager (Male) |
| 3:41 | Crear | Villager (Male) |
| 3:58 | Construir | House |
| 3:59 | Construir | House |
| 4:00 | Construir | House |
| 4:12 | Crear | Villager (Male) |
| 4:21 | Construir | House |
| 4:34 | Crear | Villager (Male) |
| 5:04 | Crear | Villager (Male) |
| 5:05 | Crear | Villager (Male) |
| 5:24 | Construir | Mill |
| 5:46 | Crear | Villager (Male) |
| 5:47 | Crear | Villager (Male) |
| 6:10 | Crear | Villager (Male) |
| 6:34 | Investigar | Horse Collar |
| 6:36 | Crear | Villager (Male) |
| 7:07 | Crear | Villager (Male) |
| 7:27 | Crear | Villager (Male) |
| 7:42 | Crear | Villager (Male) |
| 8:14 | Crear | Villager (Male) |
| 8:47 | Crear | Villager (Male) |
| 8:50 | Crear | Villager (Male) |
| 8:50 | Investigar | Loom |
| 8:53 | Construir | Farm |
| 8:55 | Construir | Farm |
| 8:56 | Construir | Farm |
| 9:00 | Construir | Farm |
| 9:12 | Construir | Mining Camp |
| 9:20 | Crear | Villager (Male) |
| 9:34 | Crear | Villager (Male) |
| 9:39 | Investigar | Feudal Age |
Cronología de la partida
| 8:31 | DL | Lich · age_up feudal |
| 11:34 | Halzum · resign |
[ ANÁLISIS IA · 1 CRÉDITO ]
¿Qué pasó realmente en esta partida?
Wolo.gg analiza cada decisión: build order, eco, micro, errores típicos por bracket. Análisis personalizado por WhatsApp o Discord en 30 segundos.
Guía civ
Polacos
Perfil
DL | Lich